 Dungeon Crawl Stone Soup version 0.17.1-1-g73c8601 (webtiles) character file.

1230 Mysteryquy the Magician (level 8, -4/41 HPs)
             Began as a Gargoyle Earth Elementalist on Jan 8, 2016.
             Was an Initiate of Sif Muna.
             Engulfed by a cloud of steam (14 damage)
             ... on level 5 of the Dungeon on Jan 9, 2016.
             The game lasted 00:14:22 (6994 turns).

Mysteryquy the Magician (GrEE)                      Turns: 6994, Time: 00:14:22

Health: -4/41      AC:  9    Str: 12    XL:     8   Next: 48%
Magic:  0/19       EV: 11    Int: 23    God:    Sif Muna [......]
Gold:   315        SH:  0    Dex:  5    Spells: 3 memorised, 15 levels left

rFire  . . .     SeeInvis .     v - +6 war axe of Makhleb's Outrage {flame, rN++ Int+5 Dex-5}
rCold  . . .     Clarity  .     a - +0 robe
rNeg   + + +     SustAt   .     (no shield)
rPois  ∞         Gourm    .     s - +0 helmet
rElec  +         Spirit   .     (no cloak)
rCorr  .         Warding  .     o - +0 pair of gloves
rMut   .         Stasis   .     (no boots)
MR     .....                    (no amulet)
Stlth  +.........               (no ring)
                                (no ring)

@: not resistant to hostile enchantments, very unstealthy
A: negative energy resistance 1, electricity resistance, unbreathing,
petrification resistance, rot immunity, AC +5
a: Renounce Religion


You were on level 5 of the Dungeon.
You worshipped Sif Muna.
Sif Muna was noncommittal.
You were not hungry.

You visited 1 branch of the dungeon, and saw 5 of its levels.

You collected 315 gold pieces.

Inventory:

Hand Weapons
 f - a +0 dagger
 v - the +6 war axe of Makhleb's Outrage (weapon) {flame, rN++ Int+5 Dex-5}
   (You took it off a hobgoblin on level 4 of the Dungeon)

   It has been specially enchanted to burn those struck by it, causing extra
   injury to most foes and up to half again as much damage against particularly
   susceptible opponents.
   Big, fiery blades are also staple armaments of hydra-hunters.
   It affects your intelligence (+5).
   It affects your dexterity (-5).
   It greatly protects you from negative energy.
Missiles
 b - 131 stones (quivered)
Armour
 a - a +0 robe (worn)
 o - a +0 pair of gloves (worn)
 s - a +0 helmet (worn)
Jewellery
 m - a cursed ring of see invisible {unknown}
 w - an uncursed ring of protection from fire {unknown}
 y - an uncursed ring of ice {unknown}
 z - an uncursed ring of protection from fire {unknown}
Wands
 u - a wand of teleportation (1)
Scrolls
 e - 4 scrolls of random uselessness {unknown}
 h - 3 scrolls of remove curse {unknown}
 i - 3 scrolls of enchant weapon {unknown}
 k - 5 scrolls of identify {unknown}
 l - 2 scrolls of teleportation {unknown}
 p - a scroll of amnesia {unknown}
 r - 2 scrolls of recharging {unknown}
 t - a scroll of fog {unknown}
Potions
 g - a potion of resistance {unknown}
 j - a potion of haste {unknown}
 n - 2 potions of curing {unknown}
 q - 2 potions of lignification {unknown}
Books
 c - a book of Geomancy

   Spells                             Type                      Level
   a - Sandblast                      Earth                        1
   b - Stoneskin                      Transmutation/Earth          2
   c - Passwall                       Transmutation/Earth          3
   d - Stone Arrow                    Conjuration/Earth            3
   e - Petrify                        Transmutation/Earth          4
   f - Lee's Rapid Deconstruction     Earth                        5
Comestibles
 d - 4 bread rations
 x - 3 meat rations


   Skills:
 + Level 2.5 Axes
 - Level 1.5 Dodging
 - Level 2.1 Stealth
 * Level 7.3 Spellcasting
 - Level 0.7 Transmutations
 + Level 7.3 Earth Magic


You had 15 spell levels left.
You knew the following spells:

 Your Spells              Type           Power        Failure   Level  Hunger
a - Sandblast             Erth           #####.       1%          1    None
b - Stone Arrow           Conj/Erth      ####..       6%          3    None
c - Stoneskin             Trmt/Erth      ####....     2%          2    None


Dungeon Overview and Level Annotations

Branches:
Dungeon (5/15)
 Temple: D:4-7

Altars:
Sif Muna
Beogh

Annotations:
D:5 Opium's ghost, amateur MfSk


Innate Abilities, Weirdness & Mutations

You are resistant to torment.
Your stone body is resilient (AC +5).
You are immune to poison.
You resist negative energy.
You are resistant to electric shocks.
You can survive without breathing.
You are immune to petrification.
You are immune to rotting.


Message History

Press: ? - help, Shift-Dir - straight line, f/p - steam dragon
Aim: a steam dragon (heavily wounded)
The blast of sand misses the steam dragon.
The steam dragon breathes steam at you. The ball of steam hits you!
* * * LOW HITPOINT WARNING * * *
You're standing in a cloud of steam!
Casting: Sandblast
Confirm with . or Enter, or press ? or * to list all spells.
You don't have enough magic to cast that spell.
You slash the steam dragon! You burn the steam dragon.
You kill the steam dragon!
You hit the fungus. You burn the fungus.
The fungus is severely damaged.
You hit the fungus. You burn the fungus.
The fungus is moderately damaged.
You hit the fungus. You burn the fungus.
The fungus is almost destroyed.
You are engulfed in a cloud of scalding steam.
You die...

#..## ≈!.....P#........... #.##
#P≈.≈..##..........# ##.## .P%≈≈
#............ ##.####P.P#
##........### ##W#.#P.P#
#...#...## # ##..#^.^####.#.#####
# ######## ##.#≈.^##.......# #
#......# #.#.†≈##.#...#.# ####
#.####.####.#P@P##.#.....# #...
###.#.........##.P#..#...#.###.##
......##.#######..##.##.....##.##
###.####.# #.P##....###......
#.####.# #≈.P#....# #....##
#......# #P.P#.##.###......
######## #..≈#.##.......#..
##P..#.##.####.....
#≈P.≈####..........


There were no monsters in sight!

Vanquished Creatures
  2 steam dragons (D:5)
  A centaur (D:5)
  2 ogres (D:5)
  A hound (D:4)
  Ijyb (D:3)
  2 giant frog skeletons
  A jelly (D:5)
  4 orc priests
  4 orc wizards
  Natasha (twice) (D:3)
  3 worker ants
  Robin (D:4)
  10 adders
  An ooze (D:1)
  2 adder skeletons (D:4)
  2 worms (D:2)
  3 giant geckos
  20 orcs
  7 giant cockroaches
  14 goblins
  18 hobgoblins
  A quokka (D:2)
  A ball python (D:3)
  15 bats
  5 giant newts
  6 jackals
  18 kobolds
  9 rats
156 creatures vanquished.

Notes
Turn   | Place    | Note
--------------------------------------------------------------
     0 | D:1      | Mysteryquy the Gargoyle Earth Elementalist began the quest for the Orb.
     0 | D:1      | Reached XP level 1. HP: 10/10 MP: 3/3
   236 | D:1      | Reached XP level 2. HP: 3/15 MP: 0/5
   613 | D:1      | Reached skill level 4 in Earth Magic
   849 | D:1      | Reached XP level 3. HP: 19/19 MP: 4/7
  2065 | D:2      | Reached XP level 4. HP: 22/24 MP: 3/8
  2112 | D:2      | Learned a level 3 spell: Stone Arrow
  2115 | D:2      | Learned a level 2 spell: Stoneskin
  2958 | D:3      | Noticed Ijyb
  2969 | D:2      | Reached XP level 5. HP: 2/28 MP: 0/10
  3238 | D:3      | Reached skill level 5 in Earth Magic
  3731 | D:3      | Found a roughly hewn altar of Beogh.
  3957 | D:3      | Killed Ijyb
  3957 | D:3      | Reached XP level 6. HP: 32/32 MP: 0/13
  4147 | D:3      | Reached skill level 5 in Spellcasting
  4483 | D:3      | Noticed Natasha
  4496 | D:3      | Killed Natasha
  4611 | D:3      | Noticed Natasha
  4615 | D:3      | Killed Natasha
  4890 | D:4      | Reached skill level 6 in Earth Magic
  5047 | D:4      | Reached XP level 7. HP: 29/36 MP: 12/15
  5061 | D:4      | Got a blackened war axe {flame}
  5062 | D:4      | Identified the +6 war axe of Makhleb's Outrage {flame, rN++ Int+5 Dex-5} (You took it off a hobgoblin on level 4 of the Dungeon)
  5217 | D:4      | Noticed Robin
  5289 | D:4      | Killed Robin
  5822 | D:5      | Entered Level 5 of the Dungeon
  5862 | D:5      | Reached skill level 1 in Axes
  5968 | D:5      | Found a deep blue altar of Sif Muna.
  6144 | D:5      | Reached XP level 8. HP: 34/41 MP: 1/18
  6268 | D:5      | Became a worshipper of Sif Muna the Loreminder
  6504 | D:5      | Reached skill level 7 in Earth Magic
  6528 | D:5      | Noticed Opium's ghost (amateur MfSk)
  6975 | D:5      | Noticed a steam dragon
  6981 | D:5      | Noticed a steam dragon
  6982 | D:5      | Killed a steam dragon
  6994 | D:5      | Killed a steam dragon
  6994 | D:5      | Engulfed by a cloud of steam

Action                   |  1- 3 |  4- 6 |  7- 9 || total
-------------------------+-------+-------+-------++-------
Melee: Unarmed           |    16 |       |       ||    16
       Dagger            |    36 |    42 |       ||    78
       War axe           |       |       |    69 ||    69
 Cast: Sandblast         |    78 |   178 |    39 ||   295
       Stone Arrow       |       |       |    29 ||    29
 Stab: Sleeping          |       |     1 |     1 ||     2
  Eat: Chunk             |     4 |     9 |     6 ||    19
